 Dungeon Crawl Stone Soup version 0.31-a0-174-g85c54bcb58 (webtiles) character file.

Game seed: 2222068288063992260

3092 qw the Cleaver (level 9, -1/57 HPs)
             Began as a Gargoyle Fighter on June 15, 2023.
             Was a Believer of Okawaru.
             Slain by a flying skull (5 damage)
             ... on level 1 of the Abyss.
             The game lasted 00:03:11 (5988 turns).

qw the Cleaver (Gargoyle Fighter)                   Turns: 5988, Time: 00:03:11

Health: -1/57      AC: 24    Str: 24    XL:     9   Next: 89%
Magic:  11/12      EV:  8    Int:  9    God:    Okawaru [**....]
Gold:   22         SH:  5    Dex:  9    Spells: 8/8 levels left

rFire   . . .        Y - +1 war axe
rCold   . . .        c - +0 buckler
rNeg    + + .        n - +0 plate armour of the Endless Expanse {rN+}
rPois   inf          a - +2 helmet
rElec   +            (no cloak)
rCorr   .            (no gloves)
SInv    +            (no boots)
Will    +....        f - amulet of the acrobat Stlth
                     m - ring of willpower
HPRegen 0.29/turn    r - ring of see invisible
MPRegen 0.13/turn

%: acrobat
@: heroic
A: sickness immunity, AC +6, negative energy resistance 1, electricity
resistance, torment resistance 1, petrification resistance
a: Renounce Religion, Heroism


You were on level 1 of the Abyss.
You worshipped Okawaru.
Okawaru was pleased with you.
You visited 1 branch of the dungeon, and saw 7 of its levels.
You visited the Abyss 1 time.

You collected 372 gold pieces.
You spent 350 gold pieces at shops.


Innate Abilities, Weirdness & Mutations

You are immune to sickness and miasma.
Your stone body is resilient. (AC +6)
You are immune to poison.
You resist negative energy. (rN+)
You are resistant to electric shocks. (rElec)
You are resistant to unholy torment.
You are immune to petrification.


   Skills:
 - Level 7.4(12.4) Fighting
 - Level 9.0(14.0) Axes
 - Level 2.5(7.5) Throwing
 + Level 5.7(10.7) Armour
 - Level 1.2(6.2) Dodging
 - Level 4.0(9.0) Shields
 - Level 4.1 Invocations


You had 8 spell levels left.
You didn't know any spells.
Your spell library was empty.

Inventory:

Hand Weapons
 p - a +1 flail of protection
 Y - a +1 war axe (weapon)
Armour
 a - a +2 helmet (worn)
 c - a +0 buckler (worn)
 h - +0 fire dragon scales
 n - the +0 plate armour of the Endless Expanse (worn) {rN+}
   (You found it on level 3 of the Dungeon)

   rN:        It protects you from negative energy.
Jewellery
 f - an amulet of the acrobat (around neck)
 m - a ring of willpower (left hand)
 q - a ring of ice
 r - a ring of see invisible (right hand)
Scrolls
 i - 4 scrolls of identify
 j - 2 scrolls of enchant armour
Potions
 b - a potion of mutation
 d - 2 potions of might
 e - 3 potions of curing
 k - a potion of degeneration {unknown}
 o - a potion of attraction
 u - a potion of magic
 v - a potion of cancellation

Dungeon Overview and Level Annotations

Branches:
Dungeon (7/15)             Temple (0/1) D:6

Altars:
Makhleb
Okawaru
Uskayaw
Yredelemnul

Shops:
D:2 [   D:5 ?   D:6 *


Message History

You hit the flying skull.
The flying skull is almost destroyed.
You slash the flying skull!
The flying skull hits you but does no damage. x2
You barely miss the flying skull.
The flying skull is almost destroyed.
You hit the flying skull. You block the flying skull's attack.
The flying skull hits you but does no damage. x2
You hit the flying skull but do no damage.
The flying skull is almost destroyed.
You closely miss the flying skull.
The flying skull hits you but does no damage.
An ancient zyme comes into view.
The flying skull hits you but does no damage. x2
You hit the flying skull but do no damage.
The flying skull is almost destroyed.
You hit the flying skull but do no damage.
The flying skull hits you! The flying skull hits you.
You hit the flying skull but do no damage.
The flying skull is almost destroyed.
You hit the flying skull.
The flying skull hits you but does no damage. x2
You hit the flying skull but do no damage.
The flying skull is almost destroyed.
You miss the flying skull.
The flying skull hits you but does no damage.
You block the flying skull's attack.
You slash the flying skull!
You destroy the flying skull!
Okawaru accepts your kill.
You closely miss the flying skull.
The flying skull hits you but does no damage. x2
You miss the flying skull.
The flying skull is severely damaged.
You hit the flying skull but do no damage.
The flying skull barely misses you.
The flying skull hits you but does no damage.
The flying skull hits you.
You die...

# ¤# #.# ##.#
¤#. ¤..# .¤.
#..##.###.
.¤... . #....
.. #..# ##@#
#.¤...zz#
#......x.
.........\
.......¤¤¤(
¤.......¤..#
........¤...
##¤...¤#¤¤###


You could see an ancient zyme and 2 flying skulls.

Vanquished Creatures
  3 flying skulls (Abyss:1)
  A wraith (Abyss:1)
  6 yaks (D:6)
  A small abomination (Abyss:1)
  Edmund (D:6)
  A water moccasin (D:7)
  Duvessa (D:7)
  A sky beast (D:5)
  An ogre (D:6)
  A bullfrog (D:6)
  2 kobold brigands (D:7)
  A scorpion (D:3)
  Dowan (D:7)
  2 hounds (D:5)
  A jelly (D:6)
  3 orc priests
  5 iguanas
  6 orc wizards
  Robin (D:3)
  4 adders
  A shadow imp (D:7)
  4 white imps
  An ufetubus (D:5)
  3 worms
  2 dart slugs
  26 orcs
  8 endoplasms
  7 giant cockroaches
  14 goblins
  9 hobgoblins
  4 jackals (D:1)
  6 quokkas
  5 ball pythons
  8 bats
  2 frilled lizards
  11 kobolds
  5 rats
159 creatures vanquished.

Notes
Turn   | Place    | Note
-------+----------+-------------------------------------------
     0 | D:1      | qw the Gargoyle Fighter began the quest for the Orb.
     0 | D:1      | Reached XP level 1. HP: 14/14 MP: 1/1
     0 | D:1      | 0 ||| qw: Version: 0.2-a-29-g511e9b1
     0 | D:1      | 0 ||| qw: Game counter: 5392
     0 | D:1      | 0 ||| qw: Always use a shield: true
     0 | D:1      | 0 ||| qw: God list: Okawaru
     0 | D:1      | 0 ||| qw: Allow faded altars: false
     0 | D:1      | 0 ||| qw: Do Orc after D:15 true
     0 | D:1      | 0 ||| qw: Do second Lair branch before Depths: true
     0 | D:1      | 0 ||| qw: Lair rune preference: random
     0 | D:1      | 0 ||| qw: Plans: Normal, Zot:1-4, Slime:5, God:TSO, Crypt,
                  | Tomb, Abyss, Pan, Hells, Win
     0 | D:1      | 0 ||| PLANNING D:1-11
    33 | D:1      | Reached skill level 2 in Axes
   277 | D:1      | Reached XP level 2. HP: 19/19 MP: 2/2
   804 | D:1      | Reached skill level 3 in Axes
   846 | D:1      | 846 ||| DROPPING +0 club.
   847 | D:1      | 847 ||| UPGRADING to amulet of the acrobat.
   852 | D:1      | 852 ||| DROPPING +6 ring of intelligence.
   853 | D:1      | 853 ||| READING scroll labelled PARAPRUMIN.
   854 | D:1      | 854 ||| READING scroll labelled TAITZO FUDWY.
   855 | D:1      | 855 ||| READING scroll labelled HOUTIKLY XOWN.
   856 | D:1      | 856 ||| READING scroll labelled BEMATU MEASUR.
   857 | D:1      | 857 ||| READING scroll labelled UFEUST XAEGO.
   898 | D:2      | 898 ||| DROPPING ring of flight.
   901 | D:2      | 901 ||| Stepping ~*~*~tactically~*~*~ (hiding).
   918 | D:2      | Reached XP level 3. HP: 16/23 MP: 3/3
   927 | D:2      | Reached XP level 4. HP: 15/28 MP: 4/4
  1079 | D:2      | Reached skill level 4 in Axes
  1173 | D:2      | Found Ibytoaz's Antique Armour Shoppe.
  1181 | D:2      | 1181 ||| SHOPLISTING +18 shield of the Gong {Loud rN+ Will+
                  | rCorr EV-5} (1918 gold, have 113).
  1181 | D:2      | 1181 ||| BUYING glowing leather armour (100 gold).
  1181 | D:2      | Bought a glowing leather armour for 100 gold pieces
  1181 | D:2      | 1181 ||| SHOPLISTING heavily runed cloak (190 gold, have
                  | 13).
  1181 | D:2      | 1181 ||| SHOPLISTING runed chain mail (150 gold, have 13).
  1181 | D:2      | 1181 ||| SHOPLISTING runed plate armour (520 gold, have
                  | 13).
  1216 | D:2      | 1216 ||| DROPPING +0 whip.
  1595 | D:2      | 1595 ||| READING scroll labelled CETEERUR ODWOL.
  1596 | D:2      | 1596 ||| READING scroll labelled EKIBIR IFUYFAD.
  1597 | D:2      | 1597 ||| DRINKING 2 fuming white potions.
  1598 | D:2      | 1598 ||| DROPPING potion of brilliance.
  1628 | D:3      | 1628 ||| Stepping ~*~*~tactically~*~*~ (hiding).
  1636 | D:3      | Reached XP level 5. HP: 32/32 MP: 5/5
  1656 | D:3      | 1656 ||| Stepping ~*~*~tactically~*~*~ (stealth).
  1657 | D:3      | 1657 ||| Stepping ~*~*~tactically~*~*~ (stealth).
  1674 | D:3      | Noticed Robin
  1675 | D:3      | 1675 ||| FLEEEEING.
  1676 | D:3      | 1676 ||| Stepping ~*~*~tactically~*~*~ (stealth).
  1688 | D:3      | Reached skill level 5 in Axes
  1691 | D:3      | Killed Robin
  1750 | D:3      | 1750 ||| DROPPING +0 mace.
  1816 | D:3      | Reached XP level 6. HP: 36/39 MP: 6/6
  1994 | D:3      | Identified the +0 plate armour of the Endless Expanse {rN+}
  2185 | D:3      | Found a faded altar of an unknown god.
  2357 | D:3      | 2357 ||| UPGRADING to +0 helmet.
  2362 | D:3      | 2362 ||| UPGRADING to +0 fire dragon scales.
  2372 | D:3      | 2372 ||| DROPPING +0 scale mail.
  2373 | D:3      | 2373 ||| DROPPING +1 leather armour of cold resistance.
  2374 | D:3      | 2374 ||| UPGRADING to +0 plate armour of the Endless
                  | Expanse {rN+}.
  2384 | D:3      | 2384 ||| UPGRADING to ring of willpower.
  2385 | D:3      | 2385 ||| READING scroll labelled FIRCHU NUONLIMI.
  2522 | D:4      | 2522 ||| STAIRDANCE
  2826 | D:4      | Found an iron altar of Okawaru.
  2827 | D:4      | 2827 ||| PLANNING OKAWARU WORSHIP
  2848 | D:4      | 2848 ||| READING scroll of enchant armour.
  2848 | D:4      | 2848 ||| ENCHANTING +0 helmet.
  2850 | D:4      | 2850 ||| READING scroll labelled MICWUSCH ISKY.
  2851 | D:4      | 2851 ||| DRINKING 3 silvery potions.
  2852 | D:4      | 2852 ||| READING 2 scrolls of identify.
  2852 | D:4      | 2852 ||| IDENTIFYING sedimented white potion
  2853 | D:4      | 2853 ||| DROPPING 2 potions of invisibility.
  2860 | D:4      | Became a worshipper of Warmaster Okawaru
  2861 | D:4      | 2861 ||| PLANNING D:1-11
  3344 | D:5      | Entered Level 5 of the Dungeon
  3444 | D:5      | Noticed a sky beast
  3460 | D:5      | Killed a sky beast
  3461 | D:5      | Reached skill level 6 in Axes
  3461 | D:5      | Reached XP level 7. HP: 43/44 MP: 7/7
  3572 | D:5      | Found Geuf's Magic Scroll Shop.
  3580 | D:5      | 3580 ||| Stepping ~*~*~tactically~*~*~ (stealth).
  3610 | D:5      | 3610 ||| BUYING scroll of enchant weapon (97 gold).
  3610 | D:5      | Bought a scroll of enchant weapon for 97 gold pieces
  3610 | D:5      | 3610 ||| BUYING scroll of identify (26 gold).
  3610 | D:5      | Bought a scroll of identify for 26 gold pieces
  3610 | D:5      | 3610 ||| BUYING scroll of identify (26 gold).
  3610 | D:5      | Bought a scroll of identify for 26 gold pieces
  3610 | D:5      | 3610 ||| BUYING scroll of identify (26 gold).
  3610 | D:5      | Bought a scroll of identify for 26 gold pieces
  3610 | D:5      | 3610 ||| READING scroll of enchant weapon.
  3610 | D:5      | 3610 ||| ENCHANTING +0 war axe.
  3614 | D:5      | 3614 ||| DROPPING +0 flail.
  3639 | D:5      | Found a burning altar of Makhleb.
  3784 | D:5      | 3784 ||| READING scroll of enchant armour.
  3784 | D:5      | 3784 ||| ENCHANTING +1 helmet.
  4048 | D:5      | Found a basalt altar of Yredelemnul.
  4055 | D:5      | Found a hide-covered altar of Uskayaw.
  4083 | D:5      | 4083 ||| READING scroll labelled AGITEMEFFO.
  4084 | D:5      | 4084 ||| DRINKING 3 sedimented emerald potions.
  4085 | D:5      | 4085 ||| DRINKING 2 yellow potions.
  4086 | D:5      | 4086 ||| READING 4 scrolls of identify.
  4086 | D:5      | 4086 ||| IDENTIFYING glowing green potion
  4166 | D:6      | Noticed Edmund
  4183 | D:6      | HP: 10/44 [Edmund/+3 dire flail of protection (3)]
  4184 | D:6      | 4184 ||| READING scroll of teleportation.
  4184 | D:6      | HP: 4/44 [Edmund/+3 dire flail of protection (6)]
  4185 | D:6      | 4185 ||| DRINKING potion of heal wounds.
  4418 | D:6      | Killed Edmund
  4418 | D:6      | Reached * piety under Okawaru
  4419 | D:6      | Reached skill level 7 in Axes
  4506 | D:6      | 4506 ||| INVOKING Heroism.
  4517 | D:6      | 4517 ||| INVOKING Heroism.
  4521 | D:6      | Reached XP level 8. HP: 33/50 MP: 4/8
  4607 | D:6      | Reached skill level 1 in Invocations
  4638 | D:6      | Reached skill level 1 in Dodging
  4799 | D:6      | Found Qorakk's Assorted Antiques.
  4808 | D:6      | 4808 ||| BUYING scroll labelled ZOSHEU KUKOSYA (25 gold).
  4808 | D:6      | Bought a scroll labelled ZOSHEU KUKOSYA for 25 gold pieces
  4808 | D:6      | 4808 ||| BUYING scroll of identify (50 gold).
  4808 | D:6      | Bought a scroll of identify for 50 gold pieces
  4808 | D:6      | 4808 ||| SHOPLISTING scroll of teleportation (75 gold, have
                  | 11).
  4808 | D:6      | 4808 ||| SHOPLISTING sharpened bronze wand (100 gold, have
                  | 11).
  4840 | D:6      | Noticed a yak
  4841 | D:6      | Noticed a yak
  4842 | D:6      | 4842 ||| Stepping ~*~*~tactically~*~*~ (stealth).
  4845 | D:6      | Noticed a yak
  4847 | D:6      | Killed a yak
  4848 | D:6      | Reached skill level 1 in Throwing
  4848 | D:6      | Noticed a yak
  4849 | D:6      | 4849 ||| Stepping ~*~*~tactically~*~*~ (stealth).
  4855 | D:6      | 4855 ||| INVOKING Heroism.
  4856 | D:6      | Killed a yak
  4857 | D:6      | Reached skill level 3 in Invocations
  4951 | D:6      | Noticed a yak
  4953 | D:6      | 4953 ||| Stepping ~*~*~tactically~*~*~ (stealth).
  4954 | D:6      | Noticed a yak
  4955 | D:6      | 4955 ||| Stepping ~*~*~tactically~*~*~ (stealth).
  4962 | D:6      | Killed a yak
  4964 | D:6      | 4964 ||| INVOKING Heroism.
  4968 | D:6      | Killed a yak
  4969 | D:6      | Reached skill level 8 in Axes
  4980 | D:6      | Killed a yak
  4980 | D:6      | Reached ** piety under Okawaru
  4981 | D:6      | Reached skill level 6 in Fighting
  4981 | D:6      | Reached XP level 9. HP: 33/55 MP: 9/12
  4986 | D:6      | 4986 ||| INVOKING Heroism.
  5228 | D:6      | 5228 ||| Stepping ~*~*~tactically~*~*~ (stealth).
  5236 | D:6      | 5236 ||| Stepping ~*~*~tactically~*~*~ (stealth).
  5237 | D:6      | 5237 ||| Stepping ~*~*~tactically~*~*~ (stealth).
  5408 | D:6      | Found a staircase to the Ecumenical Temple.
  5485 | D:6      | 5485 ||| UPGRADING to ring of see invisible.
  5486 | D:6      | 5486 ||| READING scroll labelled PEANOF OJASAUK.
  5487 | D:6      | 5487 ||| READING scroll labelled ZOSHEU KUKOSYA.
  5488 | D:6      | 5488 ||| READING 6 scrolls of identify.
  5488 | D:6      | 5488 ||| IDENTIFYING ruby potion
  5489 | D:6      | 5489 ||| READING 5 scrolls of identify.
  5489 | D:6      | 5489 ||| IDENTIFYING bubbling coppery potion
  5490 | D:6      | 5490 ||| READING 4 scrolls of identify.
  5490 | D:6      | 5490 ||| IDENTIFYING red potion
  5491 | D:6      | 5491 ||| DROPPING potion of berserk rage.
  5553 | D:7      | Noticed Duvessa
  5553 | D:7      | Noticed Dowan
  5554 | D:7      | 5554 ||| INVOKING Heroism.
  5556 | D:7      | Killed Dowan
  5562 | D:7      | Killed Duvessa
  5690 | D:7      | 5690 ||| Stepping ~*~*~tactically~*~*~ (stealth).
  5692 | D:7      | 5692 ||| Stepping ~*~*~tactically~*~*~ (hiding).
  5773 | D:7      | 5773 ||| INVOKING Heroism.
  5824 | D:7      | 5824 ||| Stepping ~*~*~tactically~*~*~ (hiding).
  5825 | D:7      | 5825 ||| INVOKING Heroism.
  5832 | Abyss:1  | Cast into level 1 of the Abyss (orc priest)
  5849 | Abyss:1  | 5849 ||| INVOKING Heroism.
  5855 | Abyss:1  | Reached skill level 9 in Axes
  5856 | Abyss:1  | 5856 ||| Stepping ~*~*~tactically~*~*~ (stealth).
  5946 | Abyss:1  | 5946 ||| Stepping ~*~*~tactically~*~*~ (stealth).
  5952 | Abyss:1  | 5952 ||| INVOKING Heroism.
  5960 | Abyss:1  | HP: 13/55 [flying skull (7)]
  5961 | Abyss:1  | 5961 ||| DRINKING potion of heal wounds.
  5972 | Abyss:1  | HP: 11/56 [flying skull (9)]
  5978 | Abyss:1  | 5978 ||| INVOKING Heroism.
  5979 | Abyss:1  | HP: 12/56 [flying skull (1)]
  5983 | Abyss:1  | Noticed an ancient zyme
  5984 | Abyss:1  | HP: 4/57 [flying skull (9)]
  5988 | Abyss:1  | Slain by a flying skull

Levels and vault maps discovered:
D:1:      wander_arrival_desolate, layout_basic, bh_walls_and_bars
D:2:      layout_basic, serial_glass, glass_columns_c, glass_columns_b,
          glass_columns_c, glass_columns_a, glass_columns_c, glass_columns_a,
          serial_shops, shop, skrybe_limestone_x
D:3:      layout_basic, basic_ecumenical_altar, uniq_robin
D:4:      layout_basic, mainiacjoe_overflow_cross_hatched, hex_intersection
D:5:      layout_loops_ring, amethyst_overflow_temple_binary,
          overflow_temple_1_default, serial_shops, shop
D:6:      layout_basic, minmay_temple_entry_antechambers, serial_shops,
          nicolae_lakefront_shop, uniq_edmund
D:7:      layout_basic, xom_shifter_show, kennysheep_mini, grunt_ogre_cave,
          uniq_duvessa
Abyss:1:  spicy_abyss_rude_harpoons

Skill      XL: |  1  2  3  4  5  6  7  8  9 |
---------------+----------------------------+-----
Axes           | 2 3 4 5 6 7 8 9 |  9.0
Fighting       | 4 5 6 7 |  7.4
Armour         | 4 5 |  5.7
Invocations    | 4 |  4.1
Dodging        | 1 |  1.2
Throwing       | 1 2 |  2.5
Shields        | 4 |  4.0

Action                     |  1- 3 |  4- 6 |  7- 9 || total
---------------------------+-------+-------+-------++-------
  Melee: War axe           |    82 |   217 |   251 ||   550
  Throw: Boomerang         |       |     2 |    25 ||    27
         Javelin           |       |       |    15 ||    15
 Invoke: Heroism           |       |       |    11 ||    11
    Use: Scroll            |     5 |     6 |    10 ||    21
         Potion            |       |     2 |     4 ||     6
   Stab: Invisible         |       |     1 |       ||     1
 Armour: Scale mail        |    62 |    85 |       ||   147
         Plate armour      |       |    47 |   158 ||   205
  Dodge: Dodged            |    64 |    82 |   101 ||   247
  Block: Buckler           |    27 |    39 |    60 ||   126

Table legend:
 A = Non-vault XP
 B = Vault XP
 C = Vault XP percentage of total XP
 D = Non-vault monster count
 E = Vault monster count
 F = Vault count percentage of total count
                 A         B        C        D         E       F
            +---------+---------+-------+---------+---------+-------
      Total |    4013 |     405 |   9.2 |     145 |      14 |   8.8
            +---------+---------+-------+---------+---------+-------
        D:1 |      31 |       0 |   0.0 |      20 |       0 |   0.0
        D:2 |     107 |       0 |   0.0 |      24 |       0 |   0.0
        D:3 |     242 |      35 |  12.6 |      18 |      11 |  37.9
        D:4 |      64 |       0 |   0.0 |      17 |       0 |   0.0
        D:5 |     366 |       0 |   0.0 |      15 |       0 |   0.0
        D:6 |    1648 |     166 |   9.2 |      27 |       1 |   3.6
        D:7 |     493 |     204 |  29.3 |      19 |       2 |   9.5
    Abyss:1 |    1062 |       0 |   0.0 |       5 |       0 |   0.0
            +---------+---------+-------+---------+---------+-------
